 Dungeon Crawl Stone Soup version 0.20.1-1-g8b1a95d (webtiles) character file.

49 tidbits the Insei (level 3, 0/27 HPs)
             Began as a Demigod Transmuter on Aug 31, 2017.
             Slain by a goblin
             ... wielding a +0 club
             ... led by Robin
              (3 damage)
             ... on level 2 of the Dungeon.
             The game lasted 00:09:48 (743 turns).

tidbits the Insei (Demigod Transmuter)               Turns: 743, Time: 00:09:49

Health: 0/27       AC:  2    Str: 13    XL:     3   Next: 32%
Magic:  0/8        EV: 19    Int: 19    God:
Gold:   94         SH:  0    Dex: 21    Spells: 0/6 levels left

rFire    . . .     SeeInvis .     - Unarmed
rCold    . . .     Gourm    .   (shield currently unavailable)
rNeg     . . .     Faith    .   (armour currently unavailable)
rPois    x         Spirit   .   (helmet currently unavailable)
rElec    .         Reflect  .   (cloak currently unavailable)
rCorr    .         Harm     .   (gloves currently unavailable)
MR       .....                  (boots currently unavailable)
Stlth    ++........             (no amulet)
Regen    0.1/turn               (no ring)
MPRegen  0.2/turn               (no ring)

@: spider-form, very slightly contaminated
A: high mp 1
a: End Transformation


You were on level 2 of the Dungeon.
You were very hungry.
You were a venomous arachnid creature.
You visited 1 branch of the dungeon, and saw 3 of its levels.

You collected 94 gold pieces.

Inventory:

Hand Weapons
 j - a cursed -2 spear (melded)
Missiles
 a - 6 arrows
 f - 36 stones (quivered)
 i - 2 javelins
Armour
 b - a +1 robe (melded)
 e - a +0 chain mail
Scrolls
 g - a scroll of enchant armour
Books
 c - a book of Changes

   Spells                             Type                      Level
   a - Beastly Appendage              Transmutation                1
   b - Sticks to Snakes               Transmutation                2
   c - Spider Form                    Transmutation/Poison         3
   d - Ice Form                       Ice/Transmutation            4
   e - Blade Hands                    Transmutation                5
Comestibles
 d - a bread ration


   Skills:
 - Level 0.8 Fighting
 - Level 1.7 Dodging
 * Level 3.6 Unarmed Combat
 - Level 2.0 Spellcasting
 + Level 2.4 Transmutations


You couldn't memorise any spells.
You knew the following spells:

 Your Spells              Type           Power        Failure   Level  Hunger
e - Beastly Appendage     Tmut           ##....       17%         1    #......
k - Sticks to Snakes      Tmut           ##......     24%         2    ###....
p - Spider Form           Tmut/Pois      #.........   52%         3    ###....


Dungeon Overview and Level Annotations

Branches:
Dungeon (3/15)


Innate Abilities, Weirdness & Mutations

You have an increased reservoir of magic. (+10% MP)


Message History

Robin roars a battlecry!
The goblins go into a battle-frenzy!
You hit Robin but do no damage.
Robin is moderately wounded.
Robin closely misses you.
You hit Robin but do no damage. Your punch misses Robin.
Robin is moderately wounded.
Robin barely misses you.
You hit Robin but do no damage.
Robin is moderately wounded.
Robin barely misses you.
You hit Robin but do no damage.
Robin is moderately wounded.
Robin misses you.
You hit Robin.
Robin is heavily wounded.
Robin closely misses you.
You barely miss Robin.
Robin is heavily wounded.
The hobgoblin no longer looks unusually strong.
Robin closely misses you.
You hit Robin.
Robin is heavily wounded.
Robin barely misses you.
You hit Robin.
Robin is severely wounded.
The goblin no longer looks unusually strong.
Robin hits you but does no damage. x2
Casting: Spider Form
Confirm with . or Enter, or press ? or * to list all spells.
You miscast Spider Form.
Your skin tingles.
The goblin no longer looks unusually strong.
Robin hits you but does no damage.
You hit Robin.
Robin is almost dead.
The goblin no longer looks unusually strong.
Robin hits you but does no damage.
You closely miss Robin.
Robin is almost dead.
Robin hits you but does no damage.
You hit Robin but do no damage.
Robin is almost dead.
Robin hits you with a short sword.
You hit Robin but do no damage.
Robin is almost dead.
Robin roars a battlecry!
The goblins go into a battle-frenzy!
You hit Robin.
Robin is almost dead.
The hobgoblin no longer looks unusually strong.
Robin roars a battlecry!
The hobgoblin goes into a battle-frenzy!
You hit Robin but do no damage.
Robin is almost dead.
Robin roars a battlecry!
The hobgoblin goes into a battle-frenzy!
You barely miss Robin.
Robin is almost dead.
Robin closely misses you.
You closely miss Robin.
Robin is almost dead.
The hobgoblin barely misses you. Robin hits you with a short sword.
The goblin hits you with a dagger. The hobgoblin misses you.
You hit Robin.
You kill Robin!
The goblin hits you with a dagger.
* * * LOW HITPOINT WARNING * * *
The hobgoblin barely misses you. The hobgoblin closely misses you.
The goblin misses you. The hobgoblin hits you.
* * * LOW HITPOINT WARNING * * *
The goblin hits you but does no damage. The goblin hits you but does no damage.
The hobgoblin no longer looks unusually strong.
The goblin no longer looks unusually strong.
Something unseen opens the door.
Okay, then.
You barely miss the goblin. The goblin hits you but does no damage.
You closely miss the goblin.
The hobgoblin no longer looks unusually strong.
The goblin no longer looks unusually strong.
The goblin hits you with a club.
* * * LOW HITPOINT WARNING * * *
You completely miss the goblin.
The goblin no longer looks unusually strong.
The hobgoblin misses you.
You barely miss the hobgoblin. The goblin hits you but does no damage.
The hobgoblin barely misses you. x2
You closely miss the hobgoblin. The goblin completely misses you.
The hobgoblin misses you. The hobgoblin hits you.
* * * LOW HITPOINT WARNING * * *
Casting: Spider Form
Confirm with . or Enter, or press ? or * to list all spells.
You turn into a venomous arachnid creature.
Your cursed -2 spear melds into your body.
Your +1 robe melds into your body.
You are feeling very hungry.
The goblin hits you with a club.
You die...

#......g..#...
#..#.
#......$..#
....
#.........#
#...
#.........#
#<..
#######g#g#
#S.. #g#g#
#... #g#g#
#... #g#.#
#... #s#.#
####...


#ggg# #...... ##### #...... #.....( +..†..) #...... #...... #...... ........ You
could see 3 hobgoblins and 4 goblins.

Vanquished Creatures
  Robin (D:2)
  An ooze (D:1)
  7 hobgoblins
  5 bats (D:1)
  2 frilled lizards (D:1)
  7 goblins
  4 kobolds
  3 rats (D:1)
30 creatures vanquished.

Vanquished Creatures (collateral kills)
  A goblin (D:2)
  A hobgoblin (D:1)
  2 frilled lizards (D:2)
  A rat (D:1)
5 creatures vanquished.

Grand Total: 35 creatures vanquished

Notes
Turn   | Place    | Note
-------+----------+-------------------------------------------
     0 | D:1      | tidbits the Demigod Transmuter began the quest for the Orb.
     0 | D:1      | Reached XP level 1. HP: 15/15 MP: 5/5
    75 | D:1      | Reached skill level 2 in Spellcasting
   118 | D:1      | Reached skill level 2 in Transmutations
   184 | D:1      | Reached XP level 2. HP: 9/22 MP: 5/7
   188 | D:1      | Learned a level 2 spell: Sticks to Snakes
   231 | D:2      | Reached skill level 3 in Unarmed Combat
   241 | D:2      | Noticed Robin
   561 | D:2      | Reached XP level 3. HP: 15/27 MP: 4/8
   698 | D:2      | Learned a level 3 spell: Spider Form
   726 | D:2      | Killed Robin
   743 | D:2      | Slain by a goblin

Skill      XL: |  1  2 |
---------------+-------+-----
Spellcasting   | 2 |  2.0
Transmutations | 2 |  2.4
Unarmed Combat | 3 |  3.6
Fighting       | |  0.8
Dodging        | |  1.7

Action                   || total
-------------------------++-------
Melee: Unarmed           ||    76
       Headbutt          ||    11
       Spear             ||    44
       Kick              ||     4
Throw: Stone             ||    17
 Cast: Beastly Appendage ||    23
       Sticks to Snakes  ||     6
       Spider Form       ||     1
  Use: Scroll            ||     2
       Potion            ||     1
Armor: Robe              ||    24
Dodge: Dodged            ||    69

Table legend:
 A = Turns spent in this place as a percentage of turns spent in the entire game.
 B = Non-inter-level travel turns spent in this place as a percentage of non-inter-level travel turns spent in the entire game.
 C = Inter-level travel turns spent in this place as a percentage of turns spent in this place.
 D = Turns resting spent in this place as a percentage of non-inter-level travel turns spent in this place.
 E = Turns spent auto-exploring this place as a percentage of non-inter-level travel turns spent in this place.
 F = Non-inter-level travel turns spent in this place divided by the number of levels of this place that you've seen.
                   A       B       C       D       E      F
               +-------+-------+-------+-------+-------+----------------------
         Total | 100.0 | 100.0 |   0.1 |   0.0 |   0.0 | 227.3
       Dungeon | 100.0 | 100.0 |   0.1 |   0.0 |   0.0 | 227.3
               +-------+-------+-------+-------+-------+----------------------

Table legend:
 A = Kills in this place as a percentage of kills in entire the game.
 B = Kills by you in this place as a percentage of kills by you in the entire game.
 C = Kills by friends in this place as a percentage of kills by friends in the entire game.
 D = Other kills in this place as a percentage of other kills in the entire game.
 E = Experience gained in this place as a percentage of experience gained in the entire game.
 F = Experience gained in this place divided by the number of levels of this place that you have seen.
                   A       B       C       D       E      F
               +-------+-------+-------+-------+-------+----------------------
         Total | 100.0 | 100.0 | 100.0 |  -nan | 100.0 |  23.3
       Dungeon | 100.0 | 100.0 | 100.0 |  -nan | 100.0 |  23.3
               +-------+-------+-------+-------+-------+----------------------

Vault maps used:
D:1:      dpeg_arrival_lava_temple_mockup, st_stairs_11, grunt_decor_resistance,
          minmay_small_reverse_x
D:2:      uniq_robin
D:3:      chequers_temple_overflow_minitemple, first_bread, okawaru_trees_1
